 Dungeon Crawl Stone Soup version 0.18.1-48-g4cf74bf (webtiles) character file.

1887 Peloso the Blocker (level 8, -6/73 HPs)
             Began as a Minotaur Fighter on July 12, 2016.
             Was a Priest of Okawaru.
             Killed from afar by Pikel (21 damage)
             ... with a wand of acid
             ... on level 7 of the Dungeon.
             The game lasted 00:14:52 (5105 turns).

Peloso the Blocker (Minotaur Fighter)               Turns: 5105, Time: 00:14:53

Health: -6/73      AC:  7    Str: 20    XL:     8   Next: 92%
Magic:  7/7        EV:  7    Int:  5    God:    Okawaru [***...]
Gold:   269        SH: 11    Dex: 13    Spells: 0 memorised, 7 levels left

rFire  . . .     SeeInvis +     K - +1 long sword
rCold  . . .     Gourm    .     h - +0 chain mail
rNeg   . . .     Faith    .     c - +0 shield
rPois  .         Spirit   .     (helmet restricted)
rElec  .         Dismiss  .     (no cloak)
rCorr  .         Reflect  .     y - +0 pair of gloves
SustAt .         Harm     .     (no boots)
MR     .....                    (no amulet)
Stlth  ..........               (no ring)
                                F - ring of see invisible

@: corroded, drained, not resistant to hostile enchantments, extremely
unstealthy
A: retaliatory headbutt, horns 2
a: Heroism, Renounce Religion


You were on level 7 of the Dungeon.
You worshipped Okawaru.
Okawaru was most pleased with you.
You were not hungry.

You visited 1 branch of the dungeon, and saw 7 of its levels.

You collected 269 gold pieces.

Inventory:

Hand Weapons
 K - a +1 long sword (weapon)
Armour
 b - a +0 scale mail
 c - a +0 shield (worn)
 h - a +0 chain mail (worn)
 y - a +0 pair of gloves (worn)
Jewellery
 F - a ring of see invisible (left hand)
Wands
 D - a wand of lightning (1/15)
 J - a wand of flame (33/48)
Scrolls
 d - a scroll of amnesia {unknown}
 g - 2 scrolls of fear {unknown}
 n - a scroll of identify
 q - 3 scrolls of teleportation {unknown}
 v - 2 scrolls of enchant armour {unknown}
 w - 2 scrolls of magic mapping {unknown}
 x - a scroll of immolation {unknown}
 z - 2 scrolls of enchant weapon {unknown}
 B - 2 scrolls of remove curse {unknown}
 C - 2 scrolls of blinking {unknown}
Potions
 e - 2 potions of curing
 i - 2 potions of mutation {unknown}
 j - 2 potions of cancellation {unknown}
 m - 5 potions of heal wounds {unknown}
 o - 2 potions of cure mutation {unknown}
 r - a potion of berserk rage {unknown}
 s - 2 potions of flight {unknown}
 t - a potion of brilliance {unknown}
 E - 2 potions of ambrosia {unknown}
 H - a potion of lignification {unknown}
Books
 G - a book of Geomancy

   Spells                             Type                      Level
   a - Sandblast                      Earth                        1
   b - Passwall                       Transmutation/Earth          2
   c - Stone Arrow                    Conjuration/Earth            3
   d - Petrify                        Transmutation/Earth          4
   e - Lee's Rapid Deconstruction     Earth                        5
 I - a book of Ice

   Spells                             Type                      Level
   a - Ice Form                       Ice/Transmutation            4
   b - Metabolic Englaciation         Hexes/Ice                    5
   c - Ozocubu's Refrigeration        Ice                          6
   d - Bolt of Cold                   Conjuration/Ice              6
   e - Freezing Cloud                 Conjuration/Ice/Air          6
   f - Simulacrum                     Ice/Necromancy               6
Comestibles
 a - 3 chunks of flesh
 f - 4 bread rations
 k - 4 fruits
 l - a slice of pizza
 p - 3 meat rations
 u - 2 beef jerkies
 A - a royal jelly


   Skills:
 + Level 7.3(6.6) Fighting
 + Level 6.0(5.3) Long Blades
 + Level 6.9(6.2) Armour
 + Level 4.0(3.3) Dodging
 + Level 0.5(0.0) Stealth
 + Level 8.6(7.9) Shields
 + Level 0.1(0.0) Evocations


You had 7 spell levels left.
You didn't know any spells.

Dungeon Overview and Level Annotations

Branches:
Dungeon (7/15)
 Temple: D:4-7

Altars:
Ashenzari
Elyvilon
Fedhas
Makhleb
Okawaru
Xom
Yredelemnul

Shops:
D:6 :

Annotations:
D:7 Pikel


Innate Abilities, Weirdness & Mutations

You reflexively headbutt those who attack you in melee.
You have a pair of horns on your head.


Message History

You closely miss Pikel. Your headbutt misses Pikel.
Pikel is lightly wounded.
You block Pikel's attack.
You miss Pikel. Your headbutt misses Pikel.
Pikel is lightly wounded.
Pikel hits you with a whip of freezing. Pikel freezes you.
You closely miss Pikel. Your headbutt misses Pikel.
Pikel is lightly wounded.
You block Pikel's attack.
You closely miss Pikel.
Pikel is lightly wounded.
Pikel zaps a wand.
The bolt of acid hits you!
* * * LOW HITPOINT WARNING * * *
The acid burns!
* * * LOW HITPOINT WARNING * * *
You block the phantom's attack.
An orc warrior comes into view. It is wielding a halberd.
The orc warrior shouts!
Pikel zaps a wand.
The bolt of acid hits you!
You die...

#.#....#.##.# .#
#.....#...#.# #.#
............###..
.............#># ##
###...........# .##
#...........# ..#
#.#.##.##[#.#####.)#
#.#.##.##<#..#.#.#.####.#
#.#....)))....@.KWp.....#
#.......).#.#...##.######
###.####.<....##.## .# ..
#.........# pp ##
#..###.##.#


oS# #..# #.##o# ..# # #..# #.##.# ..# #..###..###.##.# ..# #...........##.# You
could see Pikel, a phantom, an orc warrior and a slave.

Vanquished Creatures
  The ghost of GFox the Chopper, a novice MiBe of Trog (D:5)
  The ghost of shimson the Bolt Thrower, an amateur CeHu of Qazlal (D:3)
  2 ogres (D:4)
  2 giant frogs (D:6)
  4 wights (D:6)
  A howler monkey (D:4)
  2 crimson imps
  A giant frog zombie (D:5)
  4 hounds
  A centaur skeleton (D:7)
  9 orc wizards
  6 orc priests
  2 worker ants
  An iguana (D:6)
  7 adders
  A shadow imp (D:5)
  An ooze (D:2)
  2 worms
  A dart slug (D:2)
  3 giant geckos
  31 orcs
  5 giant cockroaches
  2 goblins (D:3)
  6 hobgoblins
  14 jackals
  4 kobolds
  A quokka (D:2)
  2 ball pythons
  4 bats
  2 giant gecko skeletons
  4 giant newts
  A jackal zombie (D:4)
  5 rats
133 creatures vanquished.

Vanquished Creatures (others)
  5 sheep (D:6)
  A jackal skeleton (D:6)
6 creatures vanquished.

Grand Total: 139 creatures vanquished

Notes
Turn   | Place    | Note
--------------------------------------------------------------
     0 | D:1      | Peloso the Minotaur Fighter began the quest for the Orb.
     0 | D:1      | Reached XP level 1. HP: 19/19 MP: 0/0
     3 | D:1      | Noticed an electric eel
     3 | D:1      | Noticed an electric eel
   723 | D:1      | Reached XP level 2. HP: 21/27 MP: 1/1
   863 | D:2      | Found a white marble altar of Elyvilon.
   866 | D:2      | Found an iron altar of Okawaru.
   878 | D:2      | Reached skill level 4 in Shields
   889 | D:2      | Became a worshipper of Warmaster Okawaru
   935 | D:2      | Reached XP level 3. HP: 33/33 MP: 2/2
  1496 | D:3      | Found a faded altar to an unknown god.
  1583 | D:3      | Reached XP level 4. HP: 33/41 MP: 3/3
  1907 | D:3      | Reached skill level 5 in Shields
  1907 | D:3      | Reached XP level 5. HP: 33/47 MP: 4/4
  2038 | D:3      | Noticed shimson's ghost (amateur CeHu)
  2052 | D:3      | Killed shimson's ghost
  2052 | D:3      | Reached * piety under Okawaru
  2052 | D:3      | Reached skill level 5 in Fighting
  2052 | D:3      | Reached skill level 1 in Dodging
  2052 | D:3      | Reached XP level 6. HP: 53/56 MP: 5/5
  2130 | D:3      | Reached skill level 5 in Armour
  2458 | D:4      | Found a shattered altar of Ashenzari.
  2490 | D:4      | Reached skill level 6 in Shields
  3175 | D:4      | Reached XP level 7. HP: 61/61 MP: 3/6
  3187 | D:5      | Entered Level 5 of the Dungeon
  3543 | D:5      | Reached skill level 7 in Shields
  3583 | D:5      | Noticed GFox's ghost (novice MiBe)
  3610 | D:5      | Killed GFox's ghost
  3610 | D:5      | Reached ** piety under Okawaru
  3610 | D:5      | Reached skill level 5 in Long Blades
  3610 | D:5      | Reached XP level 8. HP: 29/70 MP: 7/7
  4119 | D:6      | Found a basalt altar of Yredelemnul.
  4147 | D:6      | Found a burning altar of Makhleb.
  4147 | D:6      | Noticed an Executioner
  4175 | D:6      | Reached skill level 8 in Shields
  4297 | D:6      | Found Res Raerr's Book Shop.
  4483 | D:6      | Found a shimmering altar of Xom.
  4611 | D:6      | Reached *** piety under Okawaru
  5020 | D:7      | Found a blossoming altar of Fedhas.
  5092 | D:7      | Noticed Pikel
  5105 | D:7      | Killed from afar by Pikel

Skill      XL: |  1  2  3  4  5  6  7  8 |
---------------+-------------------------+-----
Fighting       | 4 5 6 7 |  7.3
Armour         | 4 5 6 |  6.9
Shields        | 4 5 6 7 8 |  8.6
Long Blades    | 3 4 5 6 |  6.0
Dodging        | 1 2 4 |  4.0
Stealth        | |  0.5
Evocations     | |  0.1

Action                   |  1- 3 |  4- 6 |  7- 9 || total
-------------------------+-------+-------+-------++-------
Melee: Long sword        |    85 |   139 |   226 ||   450
       Headbutt          |    15 |    20 |    36 ||    71
Invok: Heroism           |       |     1 |     1 ||     2
Evoke: Wand              |       |       |     3 ||     3
  Use: Potion            |       |     1 |     1 ||     2
       Scroll            |       |     1 |       ||     1
  Eat: Chunk             |     2 |     5 |     7 ||    14
Armor: Chain mail        |    49 |    81 |   151 ||   281
       Scale mail        |     2 |       |       ||     2
Dodge: Dodged            |    12 |    32 |    67 ||   111
Block: Shield            |    62 |    88 |   174 ||   324
